 Dungeon Crawl Stone Soup version 0.23-a0-619-g281719c (webtiles) character file.

898 zishaf the Sneak (level 8, 0/43 HPs)
             Began as a Kobold Assassin on Dec 23, 2018.
             Was an Initiate of Hepliaklqana.
             Slain by a river rat (3 damage)
             ... on level 5 of the Dungeon.
             The game lasted 00:10:10 (5259 turns).

zishaf the Sneak (Kobold Assassin)                  Turns: 5259, Time: 00:10:11

Health: 0/43       AC:  9    Str: 10    XL:     8   Next: 28%
Magic:  8/8        EV: 12    Int: 12    God:    Hepliaklqana [......]
Gold:   512        SH: 11    Dex: 17    Spells: 7/7 levels left

rFire    + . .     SeeInvis .   a - +2 dagger
rCold    . . .     Gourm    .   z - +2 shield
rNeg     . . .     Faith    .   n - +0 ring mail
rPois    .         Spirit   .   (no helmet)
rElec    .         Reflect  .   d - +0 cloak
rCorr    .         Harm     .   t - +0 pair of gloves
MR       .....                  (no boots)
Stlth    +++.......             (no amulet)
HPRegen  0.14/turn              h - +2 ring of protection
MPRegen  0.11/turn              l - ring of protection from fire

@: drained
A: small, reduced essence, carnivore
a: Recall Ancestor, Ancestor Identity, Renounce Religion


You were on level 5 of the Dungeon.
You worshipped Hepliaklqana.
Hepliaklqana was noncommittal.
You were completely stuffed.

You visited 2 branches of the dungeon, and saw 6 of its levels.

You collected 512 gold pieces.

Inventory:

Hand Weapons
 a - a +2 dagger (weapon)
 b - a +0 blowgun
 c - a +0 hunting sling
 C - a +2 short sword of holy wrath
Missiles
 e - 35 poisoned needles
 f - 2 curare-tipped needles
 u - 146 stones
 D - 5 needles of confusion
 E - 3 tomahawks (quivered)
Armour
 d - a +0 cloak (worn)
 n - a +0 ring mail (worn)
 s - a +0 chain mail
 t - a +0 pair of gloves (worn)
 z - a +2 shield (worn)
Jewellery
 h - a +2 ring of protection (left hand)
 l - a ring of protection from fire (right hand)
 y - a +5 ring of intelligence
Wands
 o - a wand of digging (8)
Scrolls
 i - 3 scrolls of blinking
 j - a scroll of identify
 p - a scroll of immolation
 v - 3 scrolls of teleportation
 w - 3 scrolls of enchant weapon
 B - a scroll of fear {unknown}
 F - a scroll of amnesia {unknown}
Potions
 k - 2 potions of berserk rage {unknown}
 m - 2 potions of lignification {unknown}
 q - 2 potions of curing {unknown}
 r - a potion of agility {unknown}
 x - a potion of mutation {unknown}
Comestibles
 g - 11 rations
 A - 5 chunks of flesh


   Skills:
 - Level 4.0(3.7) Fighting
 * Level 7.3(7.0) Short Blades
 - Level 2.1(1.9) Throwing
 + Level 4.5(4.2) Dodging
 + Level 7.4(7.2) Stealth
 * Level 2.9(2.6) Shields


You had 7 spell levels left.
You didn't know any spells.
Your spell library was empty.

Dungeon Overview and Level Annotations

Branches:
Dungeon (5/15)             Temple (1/1) D:4

Altars:
Cheibriados
Dithmenos
Elyvilon
Fedhas
Gozag
Hepliaklqana
Okawaru
Qazlal
Trog
Uskayaw
Wu Jian
Xom
Yredelemnul
Zin
The Shining One

Shops:
D:3 *


Innate Abilities, Weirdness & Mutations

You are small and have problems with some larger weapons.
You are carnivorous and can eat meat at any time.
Your life essence is reduced to manifest your ancestor. (-10% HP)


Message History

You hit the river rat.
The river rat is heavily wounded.
The river rat closely misses you.
Your shield and ring mail prevent you from hitting the river rat.
The river rat is heavily wounded.
You block the river rat's attack.
You hit the river rat.
The river rat is almost dead.
You completely miss the river rat.
The river rat is almost dead.
The river rat barely misses you.
You hit the river rat but do no damage.
The river rat is almost dead.
You block the river rat's attack.
You barely miss the river rat.
The river rat is almost dead.
You hit the river rat but do no damage.
The river rat is almost dead.
The river rat bites you.
You die...

###.##.r#rr...####.#.# #
##÷##.r.rrr.# ##.##.###
#.##.#r#.#######r#.#...#
##r##...#†..##r.####....
#r.###.r†....###.......
#..###########......###
###.# ####.......# #
#(######......<...###
#.(r@.............#..
########............#
#...########## ##### #


You could see a river rat.

Vanquished Creatures
  A phantom (D:4)
  3 ogres
  A centaur (D:5)
  2 hounds (D:5)
  A bullfrog skeleton (D:4)
  2 iguanas (D:4)
  A worker ant (D:4)
  A hell rat (D:5)
  An orc wizard (D:5)
  4 adders
  2 river rats (D:5)
  2 oozes
  2 adder skeletons (D:4)
  2 dart slugs
  4 worms
  3 leopard geckos
  2 orcs (D:5)
  6 bats
  4 giant cockroaches
  3 goblins
  12 hobgoblins
  2 jackals (D:1)
  5 quokkas
  A ball python (D:3)
  4 frilled lizards
  4 kobolds
  A quokka skeleton (D:5)
  A quokka zombie (D:5)
  19 rats
96 creatures vanquished.

Vanquished Creatures (collateral kills)
  A centaur (D:5)
  A jelly (D:5)
  A leopard gecko (D:5)
  2 orcs (D:5)
  A quokka (D:5)
  A rat (D:5)
7 creatures vanquished.

Vanquished Creatures (others)
  3 ancestors (D:5)
3 creatures vanquished.

Grand Total: 106 creatures vanquished

Notes
Turn   | Place    | Note
-------+----------+-------------------------------------------
     0 | D:1      | zishaf the Kobold Assassin began the quest for the Orb.
     0 | D:1      | Reached XP level 1. HP: 12/12 MP: 1/1
   142 | D:1      | Reached XP level 2. HP: 11/18 MP: 2/2
   863 | D:1      | Reached XP level 3. HP: 22/22 MP: 3/3
  1114 | D:2      | Found a faded altar of an unknown god.
  1401 | D:2      | Reached XP level 4. HP: 19/27 MP: 4/4
  2365 | D:3      | Found Zin's Purification Station.
  2369 | D:3      | Found a glowing silver altar of Zin.
  2561 | D:3      | Reached XP level 5. HP: 26/32 MP: 5/5
  3006 | D:3      | Found a glowing golden altar of the Shining One.
  3144 | D:4      | Noticed an ogre
  3151 | D:4      | Killed an ogre
  3151 | D:4      | Reached skill level 5 in Short Blades
  3151 | D:4      | Reached XP level 6. HP: 33/37 MP: 6/6
  3369 | D:4      | Noticed an ogre
  3398 | D:4      | Killed an ogre
  3398 | D:4      | Reached skill level 1 in Shields
  3443 | D:4      | Noticed a phantom
  3510 | D:4      | Killed a phantom
  3510 | D:4      | Reached XP level 7. HP: 27/42 MP: 7/7
  3895 | D:4      | Found a staircase to the Ecumenical Temple.
  3936 | Temple   | Entered the Ecumenical Temple
  4136 | Temple   | Became a worshipper of Hepliaklqana the Forgotten
  4222 | D:4      | Found a stormy altar of Qazlal.
  4399 | D:5      | Entered Level 5 of the Dungeon
  4567 | D:5      | Found a shadowy altar of Dithmenos.
  4622 | D:5      | Reached XP level 8. HP: 17/43 MP: 8/8
  5161 | D:5      | Found the +2 ratskin cloak {+Rats rPois rN+ Str-1 Int-1
                  | Dex+1}
  5224 | D:5      | HP: 2/43 [hell rat (11)]
  5240 | D:5      | HP: 1/43 [hell rat (3)]
  5259 | D:5      | Slain by a river rat

Vault maps used:
D:1:      lightli_arrival_isolated_outpost, st_stairs_1,
          chequers_decorated_corner, minmay_misc_feat_more_columns,
          minmay_cut_off
D:2:      chequers_ecumenical_altar_simple
D:3:      tso_oasis_becter, zin_purify
D:4:      minmay_polygon_palace, nicolae_qazlal_general_emergency,
          minmay_temple_entry_slanted, first_ration
D:5:      wander_guarded_unrand_ratskin, nicolae_dithmenos_the_darkroom
Temple:   minmay_temple_curvy_loop

Skill      XL: |  1  2  3  4  5  6  7  8 |
---------------+-------------------------+-----
Short Blades   | 3 4 5 6 7 |  7.3
Dodging        | 2 3 4 |  4.5
Fighting       | 3 4 |  4.0
Stealth        | 6 7 |  7.4
Shields        | 1 2 |  2.9
Throwing       | |  2.1

Action                   |  1- 3 |  4- 6 |  7- 9 || total
-------------------------+-------+-------+-------++-------
Melee: Dagger            |   127 |   186 |   147 ||   460
 Fire: Blowgun           |       |     6 |       ||     6
Throw: Tomahawk          |       |       |     2 ||     2
Invok: Ancestor Identity |       |       |     1 ||     1
  Use: Scroll            |       |     6 |       ||     6
 Stab: Sleeping          |     4 |     9 |    10 ||    23
       Distracted        |       |       |     3 ||     3
  Eat: Chunk             |    10 |     7 |     5 ||    22
Armor: Robe              |    11 |       |       ||    11
       Ring mail         |    26 |    31 |    21 ||    78
Dodge: Dodged            |    80 |    75 |    43 ||   198
Block: Shield            |       |    18 |    48 ||    66

Table legend:
 A = Non-vault XP
 B = Vault XP
 C = Vault XP percentage of total XP
 D = Non-vault monster count
 E = Vault monster count
 F = Vault count percentage of total count
                 A         B        C        D         E       F
            +---------+---------+-------+---------+---------+-------
      Total |     929 |     354 |  27.6 |      83 |      20 |  19.4
            +---------+---------+-------+---------+---------+-------
        D:1 |      29 |       5 |  14.7 |      16 |       4 |  20.0
        D:2 |      68 |       0 |   0.0 |      23 |       0 |   0.0
        D:3 |      64 |       0 |   0.0 |      19 |       0 |   0.0
        D:4 |     243 |     282 |  53.7 |       8 |       5 |  38.5
        D:5 |     525 |      67 |  11.3 |      17 |      11 |  39.3
            +---------+---------+-------+---------+---------+-------
